 Dungeon Crawl Stone Soup version 0.30-b1-5-g8e6c1be481 (webtiles) character file.

Game seed: 2183288615957871475

95 booth the Caller (level 4, -1/32 HPs)
             Began as a Gnoll Summoner on May 4, 2023.
             Was an Initiate of Gozag.
             Slain by Edmund
             ... wielding a +5 dire flail of protection
              (12 damage)
             ... on level 4 of the Dungeon.
             The game lasted 00:22:33 (3155 turns).

booth the Caller (Gnoll Summoner)                   Turns: 3155, Time: 00:22:34

Health: -1/32      AC:  2    Str:  7 (8)  XL:     4   Next: 65%
Magic:  8/11       EV: 13    Int: 14 (16) God:    Gozag
Gold:   450        SH:  0    Dex: 12      Spells: 4/13 levels left

rFire   . . .        j - +1 whip (flame)
rCold   + . .        (no shield)
rNeg    . . .        a - +0 robe
rPois   .            (no helmet)
rElec   .            (no cloak)
rCorr   .            (no gloves)
SInv    +            (no boots)
Will    .....        (no amulet)
Stlth   +++          h - ring of see invisible
HPRegen 0.25/turn    y - ring of protection from cold
MPRegen 0.12/turn

%: no passive effects
@: no status effects
A: fangs 1, strong nose, distributed training
a: Renounce Religion, Potion Petition, Call Merchant, Bribe Branch


You were on level 4 of the Dungeon.
You worshipped Gozag.
Gozag was aware of your devotion.
You visited 1 branch of the dungeon, and saw 4 of its levels.

You collected 576 gold pieces.
You spent 126 gold pieces at shops.

Inventory:

Hand Weapons
 j - a +1 whip of flaming (weapon)
 k - a +0 whip of pain
 m - a +0 dagger of venom
 n - a +0 mace
Missiles
 c - 6 curare-tipped darts
 d - 6 javelins (quivered)
 f - 3 atropa-tipped darts
 o - 6 poisoned darts
Armour
 a - a +0 robe (worn)
 w - a +0 leather armour
Jewellery
 h - a ring of see invisible (left hand)
 v - a +6 ring of dexterity
 y - a ring of protection from cold (right hand)
Scrolls
 e - a scroll of immolation
 i - 4 scrolls of teleportation
 r - a scroll of poison {unknown}
 u - a scroll of magic mapping {unknown}
Potions
 b - a potion of magic
 g - a potion of berserk rage
 l - a potion of curing
 p - 3 potions of mutation
 q - a potion of flight
 s - a potion of heal wounds
 t - a potion of haste
 x - a potion of might {unknown}


   Skills:
 + Level 1.2 Fighting
 + Level 1.2 Short Blades
 + Level 1.2 Long Blades
 + Level 1.2 Axes
 + Level 1.2 Maces & Flails
 + Level 1.2 Polearms
 + Level 1.2 Staves
 + Level 1.2 Ranged Weapons
 + Level 1.2 Throwing
 + Level 1.2 Armour
 + Level 4.7 Dodging
 + Level 4.3 Stealth
 + Level 1.2 Shields
 + Level 1.2 Unarmed Combat
 + Level 5.1 Spellcasting
 + Level 1.0 Conjurations
 + Level 1.0 Hexes
 + Level 7.1 Summonings
 + Level 1.0 Necromancy
 + Level 1.0 Translocations
 + Level 1.0 Transmutations
 + Level 1.0 Fire Magic
 + Level 1.0 Ice Magic
 + Level 1.0 Air Magic
 + Level 1.0 Earth Magic
 + Level 1.0 Poison Magic
 + Level 1.4 Invocations
 + Level 1.2 Evocations


You had 4 spell levels left.
You knew the following spells:

 Your Spells              Type           Power      Damage    Failure   Level
a - Summon Small Mammal   Summ           92%        N/A       1%          1
b - Call Imp              Summ           46%        N/A       1%          2
c - Call Canine Familiar  Summ           23%        N/A       2%          3
d - Summon Guardian Gole  Hex/Summ       15%        N/A       10%         3

Your spell library contained the following spells:

 Spells                   Type           Power      Damage    Failure   Level
 Magic Dart               Conj           24%        1d4       11%         1
 Necrotise                Necr           24%        1d5       11%         1
 Mephitic Cloud           Conj/Pois/Air  6%         N/A       32%         3
 Vampiric Draining        Necr           6%         2d6       32%         3
 Summon Lightning Spire   Summ/Air       15%        N/A       32%         4
 Agony                    Necr           6%         N/A       97%         5


Dungeon Overview and Level Annotations

Branches:
Dungeon (4/15)             Temple (0/1) D:4

Altars:
Gozag
Kikubaaqudgha
Vehumet
Zin

Shops:
D:2 *

Annotations:
D:4 Edmund


Innate Abilities, Weirdness & Mutations

You have very sharp teeth.
Your uncanny sense of smell can sniff out nearby items.
Your experience applies equally to all skills.


Message History

Edmund is distracted by your dazzling golden aura.
Your hound bites Edmund but does no damage.
Your quokka closely misses Edmund.
Your hound bites Edmund but does no damage.
Your quokka barely misses Edmund.
Your hound bites Edmund but does no damage.
Edmund is no longer distracted by gold.
You hit Edmund. You burn Edmund.
Edmund is moderately wounded.
Your hound bites Edmund.
Edmund hits you with a +5 dire flail of protection.
Your quokka closely misses Edmund.
Your hound bites Edmund but does no damage.
You hit Edmund but do no damage.
Edmund is moderately wounded.
Your hound closely misses Edmund.
Edmund closely misses you.
Your quokka bites Edmund but does no damage.
You hit Edmund but do no damage.
Edmund is moderately wounded.
Your hound bites Edmund but does no damage.
Your quokka bites Edmund but does no damage.
Edmund zaps a wand.
The puff of flame hits you!
Your hound bites Edmund.
You hit Edmund. You burn Edmund.
Edmund is heavily wounded.
Your quokka barely misses Edmund.
Your hound closely misses Edmund.
Edmund hits you with a +5 dire flail of protection.
Your quokka bites Edmund but does no damage.
You hit Edmund but do no damage.
Edmund is heavily wounded.
Your hound bites Edmund but does no damage.
Edmund says, "People accused me of being a cutpurse!"
Edmund hits you with a +5 dire flail of protection.
Your hound bites Edmund.
Your quokka bites Edmund but does no damage.
You hit Edmund. You burn Edmund. You bite Edmund, but do no damage.
Edmund is heavily wounded.
Your hound closely misses Edmund.
Edmund hits you with a +5 dire flail of protection!
You die...
Your body crumbles into a pile of gold.

... ...# $ ...# ..#
#.....# ## ...#.# ...
...# .... #.#####.#
..... #....##.#
.....r#+###.##.##.#
.....h@@.##.##.##.#
$....$....'..##.##.#
.........#####.##.#
###......# #.##.#####'
############..........
#.........#.......
#.........######.#
#.........#......#
#.........#......#


You could see Edmund (ally target), a friendly hound (summoned) and a friendly
quokka (summoned).

Vanquished Creatures
  An orc (D:4)
  A bat (D:3)
  An endoplasm (D:4)
  A giant cockroach (D:4)
  A goblin (D:2)
  A quokka (D:3)
  A kobold (D:1)
  A rat (D:1)
8 creatures vanquished.

Vanquished Creatures (collateral kills)
  3 adders
  An ufetubus (D:4)
  2 worms (D:3)
  A dart slug (D:2)
  6 ball pythons
  3 endoplasms
  3 hobgoblins
  2 jackals (D:1)
  10 kobolds
  2 quokkas
  A bat (D:1)
  3 frilled lizards (D:1)
  3 goblins
  5 rats
45 creatures vanquished.

Grand Total: 53 creatures vanquished

Notes
Turn   | Place    | Note
-------+----------+-------------------------------------------
     0 | D:1      | booth the Gnoll Summoner began the quest for the Orb.
     0 | D:1      | Reached XP level 1. HP: 13/13 MP: 6/6
     8 | D:1      | Found a faded altar of an unknown god.
    16 | D:1      | Prayed at the altar of an unknown god.
    16 | D:1      | Became a worshipper of Gozag Ym Sagoz the Greedy
   156 | D:1      | Reached XP level 2. HP: 19/19 MP: 7/7
   252 | D:1      | Learned a level 2 spell: Call Imp
  1254 | D:2      | Found Leneps's General Store.
  1305 | D:2      | Reached skill level 5 in Spellcasting
  1305 | D:2      | Reached XP level 3. HP: 25/25 MP: 5/9
  1412 | D:2      | Learned a level 3 spell: Call Canine Familiar
  1416 | D:2      | Learned a level 3 spell: Summon Guardian Golem
  1416 | D:2      | Bought a scroll of identify for 22 gold pieces
  1416 | D:2      | Bought a scroll of identify for 22 gold pieces
  1416 | D:2      | Bought a scroll of enchant weapon for 82 gold pieces
  1833 | D:2      | Reached skill level 1 in Invocations
  2124 | D:3      | Reached skill level 1 in Fighting
  2124 | D:3      | Reached skill level 1 in Short Blades
  2124 | D:3      | Reached skill level 1 in Long Blades
  2124 | D:3      | Reached skill level 1 in Axes
  2124 | D:3      | Reached skill level 1 in Maces & Flails
  2124 | D:3      | Reached skill level 1 in Polearms
  2124 | D:3      | Reached skill level 1 in Staves
  2124 | D:3      | Reached skill level 1 in Ranged Weapons
  2124 | D:3      | Reached skill level 1 in Throwing
  2124 | D:3      | Reached skill level 1 in Armour
  2124 | D:3      | Reached skill level 1 in Shields
  2124 | D:3      | Reached skill level 1 in Unarmed Combat
  2124 | D:3      | Reached skill level 1 in Evocations
  2299 | D:3      | Reached XP level 4. HP: 32/32 MP: 8/11
  2552 | D:3      | Found a radiant altar of Vehumet.
  2553 | D:3      | Found an ancient bone altar of Kikubaaqudgha.
  2845 | D:4      | Found a glowing silver altar of Zin.
  3020 | D:4      | Found a staircase to the Ecumenical Temple.
  3028 | D:4      | Reached skill level 1 in Conjurations
  3028 | D:4      | Reached skill level 1 in Hexes
  3028 | D:4      | Reached skill level 1 in Necromancy
  3028 | D:4      | Reached skill level 1 in Translocations
  3028 | D:4      | Reached skill level 1 in Transmutations
  3028 | D:4      | Reached skill level 1 in Fire Magic
  3028 | D:4      | Reached skill level 1 in Ice Magic
  3028 | D:4      | Reached skill level 1 in Air Magic
  3028 | D:4      | Reached skill level 1 in Earth Magic
  3028 | D:4      | Reached skill level 1 in Poison Magic
  3137 | D:4      | Noticed Edmund
  3155 | D:4      | Slain by Edmund

Illustrated notes

Levels and vault maps discovered:
D:1:      dpeg_arrival_tiny_c, layout_basic, basic_ecumenical_altar
D:2:      minmay_kobold_bridge, layout_basic, serial_shops, shop
D:3:      layout_loops_ring, grunt_temple_overflow_open
D:4:      minmay_chambers_of_threes, layout_basic, mainiacjoe_overflow_24_doors,
          amcnicky_altar_gilded, minmay_temple_entry_statues_fountains,
          uniq_edmund

Skill      XL: |  1  2  3  4 |
---------------+-------------+-----
Spellcasting   | 5 |  5.1
Invocations    | 1 |  1.4
Fighting       | 1 |  1.2
Short Blades   | 1 |  1.2
Long Blades    | 1 |  1.2
Axes           | 1 |  1.2
Maces & Flails | 1 |  1.2
Polearms       | 1 |  1.2
Staves         | 1 |  1.2
Ranged Weapons | 1 |  1.2
Throwing       | 1 |  1.2
Armour         | 1 |  1.2
Shields        | 1 |  1.2
Unarmed Combat | 1 |  1.2
Evocations     | 1 |  1.2
Conjurations   | 1 |  1.0
Hexes          | 1 |  1.0
Necromancy     | 1 |  1.0
Translocations | 1 |  1.0
Transmutations | 1 |  1.0
Fire Magic     | 1 |  1.0
Ice Magic      | 1 |  1.0
Air Magic      | 1 |  1.0
Earth Magic    | 1 |  1.0
Poison Magic   | 1 |  1.0
Dodging        | |  4.7
Stealth        | |  4.3
Summonings     | |  7.1

Action                     |  1- 3 |  4- 6 || total
---------------------------+-------+-------++-------
  Melee: Unarmed           |     6 |       ||     6
         Whip              |    16 |    22 ||    38
         Bite              |     3 |     1 ||     4
   Cast: Summon Small Mamm |    12 |     2 ||    14
         Call Imp          |    17 |     5 ||    22
         Call Canine Famil |     1 |     3 ||     4
    Use: Potion            |     4 |       ||     4
         Scroll            |     2 |     6 ||     8
   Stab: Distracted        |     1 |       ||     1
 Armour: Robe              |     1 |     3 ||     4
  Dodge: Dodged            |    19 |     6 ||    25
